 Dungeon Crawl Stone Soup version 0.17-a0-2171-ga91b4ec (webtiles) character file.

212 inmateoo the Chucker (level 5, 0/54 HPs)
             Began as an Ogre Hunter on Oct 26, 2015.
             Succumbed to an adder's poison
             ... on level 4 of the Dungeon.
             The game lasted 00:06:05 (4284 turns).

inmateoo the Chucker (Ogre Hunter)                  Turns: 4284, Time: 00:06:05

Health: 0/54       AC:  4    Str: 18    XL:     5   Next: 89%
Magic:  5/5        EV: 10    Int: 10    God:
Gold:   148        SH:  0    Dex: 10    Spells: 0 memorised, 4 levels left

rFire  . . .     SeeInvis .     y - +1 flail
rCold  + . .     Clarity  .     d - +0 robe
rNeg   . . .     SustAt   .     (no shield)
rPois  .         Gourm    .     (helmet restricted)
rElec  .         Spirit   .     r - +0 cloak
rCorr  .         Warding  .     (gloves unavailable)
rMut   .         Stasis   .     (boots unavailable)
MR     .....                    (no amulet)
Stlth  +.........               (no ring)
                                u - +2 ring of slaying

@: lethally poisoned (0 -> -5), flying, very slightly contaminated, hasted, very
quick, not resistant to hostile enchantments, very unstealthy
A: unfitting armour, cold resistance 1, tough skin 1, no device heal 1, subdued
magic 1
a: no special abilities


You were on level 4 of the Dungeon.
You were not hungry.

You visited 1 branch of the dungeon, and saw 4 of its levels.

You collected 148 gold pieces.

Inventory:

Hand Weapons
 y - a +1 flail (weapon)
Missiles
 a - 3 large rocks (quivered)
 b - a throwing net
Armour
 d - a +0 robe (worn)
 r - a +0 cloak (worn)
Jewellery
 p - an uncursed ring of ice
 u - a +2 ring of slaying (left hand)
Wands
 q - a wand of enslavement (14)
 v - a wand of fire (5)
Scrolls
 j - a scroll of noise
 k - a scroll of blinking
Potions
 h - 2 potions of might
 i - a potion of cancellation
 m - a potion of flight
Comestibles
 c - 2 chunks of flesh
 n - a beef jerky
 o - 2 royal jellies
 w - 2 meat rations


   Skills:
 + Level 3.9 Fighting
 * Level 4.2 Maces & Flails
 + Level 4.5 Throwing
 + Level 2.8 Dodging
 + Level 1.7 Stealth


You had 4 spell levels left.
You didn't know any spells.

Dungeon Overview and Level Annotations

Branches:
Dungeon (4/15)
 Temple: D:4-7

Altars:
Dithmenos
Ru

Shops:
D:4 :


Innate Abilities, Weirdness & Mutations

You are too large for most types of armour.
You have tough skin (AC +1).
Your flesh is cold resistant.
Potions and wands are less effective at restoring your health.
Your spells are a little easier to cast, but a little less powerful.


Message History

You are lethally poisoned!
The adder poisons you!
Unknown command.
Unknown command.
Drink which item? (? for menu, Esc to quit)
It was a potion of flight.
You feel very buoyant.
You fly up into the air.
* * * LOW HITPOINT WARNING * * *
You feel sick. The adder bites you.
* * * LOW HITPOINT WARNING * * *
Drink which item? (? for menu, Esc to quit)
It was a potion of haste.
You feel yourself speed up. The adder bites you but does no damage.
You are very lightly contaminated with residual magic.
Drink which item? (? for menu, Esc to quit)
It was a potion of mutation.
You feel extremely strange.
Your connection to magic feels subdued.
You feel resistant to cold.
Your system partially rejects artificial healing.
You die...

#.........^.....#
####......[.......#
................∩.
....%............
####..>...#
#(.†..S...##
#.######...# . #S#
##..### .. #@#
#....##... #.# #
##...<.... #.#
....##........ #..
...8.........# #..
............##
.8...<...8......#
#...............#
##.8...8........#
............#


You could see an adder.

Vanquished Creatures
  A giant frog (D:4)
  Crazy Yiuf (D:2)
  3 adders
  2 oozes (D:1)
  2 worms
  5 orcs (D:3)
  3 bats
  6 giant cockroaches
  9 goblins
  9 hobgoblins
  14 jackals
  13 kobolds
  A quokka (D:3)
  A ball python (D:2)
  2 giant newts
  5 rats
77 creatures vanquished.

Notes
Turn   | Place    | Note
--------------------------------------------------------------
     0 | D:1      | inmateoo the Ogre Hunter began the quest for the Orb.
     0 | D:1      | Reached XP level 1. HP: 22/22 MP: 1/1
    75 | D:1      | Reached skill level 1 in Maces & Flails
    75 | D:1      | Reached skill level 1 in Stealth
    75 | D:1      | Reached XP level 2. HP: 17/29 MP: 2/2
   959 | D:1      | Reached XP level 3. HP: 27/37 MP: 3/3
  1963 | D:2      | Found a shadowy altar of Dithmenos.
  1985 | D:2      | Reached XP level 4. HP: 45/45 MP: 4/4
  2756 | D:2      | Noticed Crazy Yiuf
  2758 | D:2      | Killed Crazy Yiuf
  2933 | D:3      | Reached XP level 5. HP: 38/53 MP: 5/5
  3439 | D:3      | Found a sacrificial altar of Ru.
  4168 | D:4      | Found Yhonweci's Book Shop.
  4282 | D:4      | HP: 2/54 [poisoned by an adder]
  4284 | D:4      | Gained mutation: Your spells are a little easier to cast, but a little less powerful. [potion of mutation]
  4284 | D:4      | Gained mutation: Your flesh is cold resistant. [potion of mutation]
  4284 | D:4      | Gained mutation: Potions and wands are less effective at restoring your health. [potion of mutation]
  4284 | D:4      | Succumbed to an adder's poison

Vault maps used:
D:1:      saegor_arrival_simple_a
D:2:      wad_pebble_path, overflow_temple_1_default, uniq_crazy_yiuf_cottage
D:3:      nicolae_ru_awakened_eye
D:4:      serial_shops, shop, grunt_ministairs_2,
          nemelex_xobeh_ov_fountains_minmay, uniq_natasha

Action                   |  1- 3 |  4- 6 || total
-------------------------+-------+-------++-------
Melee: Unarmed           |    37 |       ||    37
       Club              |   175 |   136 ||   311
       Flail             |       |    30 ||    30
Throw: Large rock        |     3 |    13 ||    16
       Throwing net      |       |     1 ||     1
  Use: Scroll            |       |     7 ||     7
       Potion            |       |     3 ||     3
 Stab: Sleeping          |     2 |     1 ||     3
       Distracted        |     1 |       ||     1
       Held in net/web   |       |     1 ||     1
  Eat: Chunk             |     4 |     1 ||     5
       Bread ration      |       |     2 ||     2
